 Dungeon Crawl Stone Soup version 0.20.1-1-g8b1a95d (webtiles) character file.

8299 KrisztiCat the Basher (level 11, -11/94 HPs)
             Began as a Minotaur Berserker on Nov 13, 2017.
             Was a High Priest of Trog.
             Mangled by a large abomination (25 damage)
             ... while paralysed
             ... on level 2 of the Abyss.
             The game lasted 00:47:04 (7604 turns).

KrisztiCat the Basher (Minotaur Berserker)          Turns: 7604, Time: 00:47:05

Health: -11/94     AC: 15    Str: 24    XL:     11   Next: 8%
Magic:  0/10       EV:  2    Int:  6    God:    Trog [*****.]
Gold:   792        SH:  0    Dex:  9    Spells: 10/10 levels left

rFire    . . .     SeeInvis +   H - +3 mace
rCold    . . .     Gourm    .   j - +3 large shield {AC+3}
rNeg     . . .     Faith    .   r - +0 chain mail
rPois    .         Spirit   +   (helmet restricted)
rElec    .         Reflect  .   D - scarf {Spirit}
rCorr    .         Harm     .   (no gloves)
MR       .....                  n - +0 pair of boots
Stlth    ..........             (no amulet)
Regen    0.3/turn               x - ring of see invisible
MPRegen  0.2/turn               f - +3 ring of evasion

@: paralysed, berserk cooldown, slowed
A: retaliatory headbutt, horns 2
a: Berserk, Trog's Hand, Brothers in Arms, Burn Spellbooks, Renounce Religion


You were on level 2 of the Abyss.
You worshipped Trog.
Trog was extremely pleased with you.
You were very hungry.

You visited 2 branches of the dungeon, and saw 11 of its levels.
You visited the Abyss 1 time.

You collected 792 gold pieces.

Inventory:

Hand Weapons
 a - a +1 mace
 i - a +0 whip of freezing
 G - a +6 longbow of velocity
 H - a +3 mace (weapon)
Missiles
 v - 4 javelins of returning (quivered)
Armour
 j - a +3 large shield of protection (worn)
 n - a +0 pair of boots (worn)
 r - a +0 chain mail (worn)
 D - a scarf of spirit shield (worn)
Jewellery
 f - a +3 ring of evasion (right hand)
 h - an uncursed ring of stealth {unknown}
 x - a ring of see invisible (left hand)
Wands
 u - a wand of polymorph (9/24)
 B - a wand of scattershot (0/9)
 E - a wand of random effects (18/48)
 I - a wand of lightning (2/15)
Scrolls
 d - a scroll of identify
 k - 2 scrolls of enchant weapon
 l - a scroll of magic mapping
 t - 4 scrolls of remove curse
 y - 6 scrolls of teleportation
 C - a scroll of fog
 J - a scroll of enchant armour
Potions
 b - 2 potions of haste
 e - a potion of brilliance {unknown}
 g - a potion of magic {unknown}
 o - 3 potions of cancellation
 p - 2 potions of heal wounds
 s - a potion of curing
 w - 2 potions of ambrosia {unknown}
 z - 2 potions of flight {unknown}
 A - a potion of mutation {unknown}
Comestibles
 c - 3 bread rations
 m - 4 meat rations
 F - 8 royal jellies


   Skills:
 + Level 8.0 Fighting
 - Level 14.2 Maces & Flails
 + Level 7.8 Armour
 + Level 7.1 Dodging
 + Level 7.1 Shields


You had 10 spell levels left.
You didn't know any spells.

Dungeon Overview and Level Annotations

Branches:
Dungeon (10/15)            Temple (1/1) D:4
   Lair: D:8-11         Orc: D:9-12

Altars:
Ashenzari
Cheibriados
Dithmenos
Elyvilon
Fedhas
Gozag
Hepliaklqana
Kikubaaqudgha
Makhleb
Nemelex Xobeh
Okawaru
Qazlal
Ru
Sif Muna
Trog
Uskayaw
Vehumet
Xom
Yredelemnul
Zin
The Shining One

Annotations:
D:10 Sonja


Innate Abilities, Weirdness & Mutations

You reflexively headbutt those who attack you in melee.
You have a pair of horns on your head.


Message History

You pass out from exhaustion.
You feel yourself slow down.
The starcursed mass engulfs the bush but does no damage.
Something engulfs the demonic plant!
The demonic plant is destroyed!
The blink frog hits the bush!
The large abomination hits you!
* * * LOW HITPOINT WARNING * * *
A starcursed mass splits.
A deafening chorus of shrieks assaults your mind!
* * * LOW HITPOINT WARNING * * *
You shrug off the repeated paralysis!
Something engulfs the bush.
The blink frog blinks!
The starcursed mass engulfs the bush.
The large abomination hits you but does no damage.
The starcursed mass engulfs the bush but does no damage.
The blink frog blinks!
Something engulfs the bush but does no damage.
The starcursed mass engulfs the bush but does no damage.
The large abomination hits you!!
You die... . # .## ###.# ##..# ..#.#.... ####.##.#.# ##X.P.....# #XXX.X....## #P.XPPPP...# #.XPPPPP.P.# .§PP@XX§..# # .
PPPPP...#

# ...PPPP..#.#
#.......§..#...
#.#.......#F#
#_ #
#.#.##..##.#. #
#..# .#.. ##..
#.# . .##


You could see 7 starcursed masses, a large abomination and a blink frog.

Vanquished Creatures
  2 two-headed ogres
  An ogre mage (D:8)
  Pikel (D:7)
  A troll (D:9)
  A queen bee (D:8)
  A hornet (D:9)
  Prince Ribbit (D:7)
  Grum (D:8)
  A steam dragon (D:9)
  2 hungry ghosts
  Menkaure (D:7)
  Duvessa (D:7)
  An ice beast (D:6)
  An orc warrior (D:8)
  2 black bears
  A necrophage (D:7)
  A phantom (D:8)
  6 ogres
  4 wolves (D:8)
  2 centaurs (D:5)
  A big kobold (D:3)
  2 bullfrogs
  Dowan (D:7)
  2 water moccasin skeletons
  2 jellies
  2 scorpions (D:7)
  16 killer bees (D:8)
  14 wights
  2 crimson imps
  2 centaur zombies (D:5)
  3 hounds
  2 quasits (D:9)
  2 orc priests (D:9)
  4 orc wizards
  Terence (D:3)
  4 iguanas
  7 worker ants
  A killer bee zombie (D:6)
  2 hound skeletons
  A howler monkey zombie (D:5)
  A worker ant zombie (D:9)
  Robin (D:3)
  4 gnolls
  11 adders
  A river rat (D:4)
  2 adder zombies
  4 adder skeletons
  5 worms
  2 dart slugs (D:3)
  6 leopard geckos
  22 orcs
  6 giant cockroaches
  23 goblins
  12 hobgoblins
  16 jackals
  7 kobolds
  2 quokkas
  A ball python (D:3)
  8 bats
  5 frilled lizards
  13 rats
  A bush (Abyss:2)
256 creatures vanquished.

Vanquished Creatures (others)
  A centaur (D:7)
  A crimson imp (D:7)
  A hound zombie (D:7)
  An orc (D:9)
  A demonic plant (Abyss:2)
5 creatures vanquished.

Grand Total: 261 creatures vanquished

Notes
Turn   | Place    | Note
-------+----------+-------------------------------------------
     0 | D:1      | KrisztiCat the Minotaur Berserker began the quest for the Orb.
     0 | D:1      | Reached XP level 1. HP: 19/19 MP: 0/0
   229 | D:1      | Reached XP level 2. HP: 27/27 MP: 1/1
   242 | D:1      | Reached skill level 4 in Maces & Flails
   795 | D:2      | Reached XP level 3. HP: 32/33 MP: 2/2
   831 | D:2      | Reached skill level 5 in Maces & Flails
   835 | D:2      | Reached ** piety under Trog
  1145 | D:2      | Reached XP level 4. HP: 40/40 MP: 3/3
  1592 | D:2      | Found a hide-covered altar of Uskayaw.
  1592 | D:2      | Found a burning altar of Makhleb.
  1650 | D:3      | Reached skill level 6 in Maces & Flails
  1778 | D:3      | Noticed a big kobold
  1786 | D:3      | Killed a big kobold
  1786 | D:3      | Reached skill level 7 in Maces & Flails
  1786 | D:3      | Reached XP level 5. HP: 44/46 MP: 4/4
  1815 | D:3      | Found a deep blue altar of Sif Muna.
  1833 | D:3      | Reached *** piety under Trog
  1834 | D:3      | Noticed Robin
  1852 | D:3      | Killed Robin
  2141 | D:3      | Noticed Terence
  2157 | D:3      | Killed Terence
  2157 | D:3      | Reached XP level 6. HP: 52/52 MP: 5/5
  2202 | D:3      | Found a stormy altar of Qazlal.
  2278 | D:4      | Found a staircase to the Ecumenical Temple.
  2346 | Temple   | Entered the Ecumenical Temple
  2546 | D:4      | Reached skill level 8 in Maces & Flails
  2693 | D:4      | You fall through a shaft!
  2693 | D:5      | Entered Level 5 of the Dungeon
  2844 | D:4      | Reached skill level 9 in Maces & Flails
  2847 | D:4      | Reached XP level 7. HP: 43/58 MP: 6/6
  2985 | D:4      | Found a bloodstained altar of Trog.
  3382 | D:5      | Found a basalt altar of Yredelemnul.
  3400 | D:5      | Reached skill level 10 in Maces & Flails
  3404 | D:5      | Found a glowing silver altar of Zin.
  3431 | D:5      | Reached **** piety under Trog
  3486 | D:5      | Noticed a two-headed ogre
  3497 | D:5      | Killed a two-headed ogre
  3497 | D:5      | Reached skill level 12 in Maces & Flails
  3497 | D:5      | Reached XP level 8. HP: 20/66 MP: 1/7
  4011 | D:5      | Found a hazy altar of Hepliaklqana.
  4210 | D:6      | Reached skill level 13 in Maces & Flails
  4612 | D:6      | Reached XP level 9. HP: 60/71 MP: 6/8
  4745 | D:6      | Found a white marble altar of Elyvilon.
  4975 | D:8      | Found a transporter.
  5019 | D:7      | Noticed Menkaure
  5024 | D:7      | Killed Menkaure
  5024 | D:7      | Reached skill level 14 in Maces & Flails
  5027 | D:7      | Found a burning altar of Makhleb.
  5144 | D:7      | Noticed Pikel
  5156 | D:7      | Killed Pikel
  5195 | D:7      | Noticed Duvessa
  5196 | D:7      | Noticed Dowan
  5211 | D:7      | Killed Duvessa
  5216 | D:7      | Killed Dowan
  5255 | D:7      | Found a sacrificial altar of Ru.
  5282 | D:7      | Reached skill level 5 in Fighting
  5417 | D:7      | Noticed Prince Ribbit
  5431 | D:7      | Killed Prince Ribbit
  5525 | D:7      | Reached skill level 5 in Armour
  5654 | D:8      | Found a transporter.
  5661 | D:8      | Noticed an ogre mage
  5723 | D:8      | Found a snail-covered altar of Cheibriados.
  5777 | D:8      | Killed an ogre mage
  5777 | D:8      | Reached skill level 5 in Dodging
  5777 | D:8      | Reached XP level 10. HP: 83/83 MP: 9/9
  5982 | D:8      | Noticed Grum
  5991 | D:8      | Reached ***** piety under Trog
  5999 | D:8      | Killed Grum
  6015 | D:8      | Reached skill level 5 in Shields
  6173 | D:8      | Noticed a two-headed ogre
  6199 | D:8      | Killed a two-headed ogre
  6423 | D:8      | Found a shimmering altar of Xom.
  6825 | D:10     | Entered Level 10 of the Dungeon
  6879 | D:9      | Paralysed by a hornet for 1 turns
  6887 | D:9      | Reached XP level 11. HP: 94/94 MP: 8/10
  7010 | D:9      | Received a gift from Trog
  7490 | D:10     | Noticed Sonja
  7516 | D:10     | Cast into level 2 of the Abyss (Sonja)
  7571 | Abyss:2  | Noticed a starcursed mass
  7580 | Abyss:2  | Found an iron altar of Okawaru.
  7581 | Abyss:2  | Noticed a large abomination
  7604 | Abyss:2  | Mangled by a large abomination

Skill      XL: |  1  2  3  4  5  6  7  8  9 10 11 |
---------------+----------------------------------+-----
Maces & Flails | 4 5 7 9 12 13 14 | 14.2
Fighting       | 6 7 8 |  8.0
Armour         | 5 7 |  7.8
Dodging        | 5 6 7 |  7.1
Shields        | 4 6 7 |  7.1

Action                   |  1- 3 |  4- 6 |  7- 9 | 10-12 || total
-------------------------+-------+-------+-------+-------++-------
Melee: Mace              |   114 |   229 |   259 |   322 ||   924
       Headbutt          |    17 |    40 |    33 |    53 ||   143
Invok: Berserk           |       |     3 |     7 |     5 ||    15
       Trog's Hand       |       |     1 |     2 |     1 ||     4
       Burn Spellbooks   |       |       |     2 |       ||     2
       Brothers in Arms  |       |       |       |     2 ||     2
Evoke: Wand              |       |       |     5 |     2 ||     7
  Use: Scroll            |       |     4 |     9 |     4 ||    17
       Potion            |       |       |       |     4 ||     4
  Eat: Chunk             |     1 |     7 |    15 |    12 ||    35
       Fruit             |       |       |     3 |     1 ||     4
Armor: Animal skin       |     7 |       |       |       ||     7
       Chain mail        |    43 |    87 |    75 |    80 ||   285
Dodge: Dodged            |    17 |    19 |    40 |    65 ||   141
Block: Large shield      |    80 |   153 |   180 |   309 ||   722
